 Dungeon Crawl Stone Soup version 0.22-a0-614-g34fbaa0 (webtiles) character file.

2660 Lianjan the Fighter (level 9, -5/100 HPs)
             Began as an Ogre Transmuter on July 14, 2018.
             Was a Follower of Ru.
             Slain by a queen bee (17 damage)
             ... on level 7 of the Dungeon.
             The game lasted 00:18:38 (8474 turns).

Lianjan the Fighter (Ogre Transmuter)               Turns: 8474, Time: 00:18:39

Health: -5/100     AC:  2    Str: 16    XL:     9   Next: 63%
Magic:  21/25      EV: 20    Int: 17    God:    Ru [*.....]
Gold:   265        SH:  0    Dex: 14    Spells: 3/18 levels left

rFire    . . .     SeeInvis +     - Unarmed
rCold    . . .     Gourm    .   (shield currently unavailable)
rNeg     . . .     Faith    .   (armour currently unavailable)
rPois    x         Spirit   .   (helmet currently unavailable)
rElec    .         Reflect  .   (cloak currently unavailable)
rCorr    .         Harm     .   (gloves unavailable)
MR       .....                  (boots unavailable)
Stlth    +.........             (no amulet)
HPRegen  0.26/turn              l - ring of see invisible
MPRegen  0.19/turn              o - ring of magical power

@: spider-form (expiring), very slightly contaminated
A: tiny, unfitting armour, inability to train armour
a: End Transformation, Renounce Religion


You were on level 7 of the Dungeon.
You worshipped Ru.
Ru was aware of your devotion.
You were not hungry.
You were a venomous arachnid creature.
You visited 2 branches of the dungeon, and saw 8 of its levels.

You collected 265 gold pieces.

Inventory:

Missiles
 a - 72 arrows
 e - 196 stones (quivered)
Armour
 b - a +0 robe (melded)
 r - a +1 cloak (melded)
Jewellery
 l - a ring of see invisible (left front leg)
 o - a ring of magical power (right front leg)
Wands
 s - a wand of polymorph (18)
 v - a wand of disintegration (16)
Scrolls
 f - a scroll of identify
 g - a scroll of enchant weapon
 h - a scroll of teleportation
 i - a scroll of remove curse
 w - a scroll of fog
Potions
 c - 3 potions of curing
 j - a potion of cancellation {unknown}
 k - 2 potions of heal wounds {unknown}
 m - a potion of invisibility {unknown}
 n - a potion of magic {unknown}
 p - a potion of might {unknown}
 q - 4 potions of flight
Comestibles
 d - 5 rations


   Skills:
 - Level 9.5 Fighting
 - Level 3.1 Dodging
 - Level 4.1 Unarmed Combat
 - Level 5.1 Spellcasting
 + Level 5.8 Transmutations
 + Level 5.2 Ice Magic
 - Level 1.0 Poison Magic


You had 3 spell levels left.
You knew the following spells:

 Your Spells              Type           Power        Failure   Level  Hunger
a - Beastly Appendage     Tmut           ###...       6%          1    None
b - Spider Form           Tmut/Pois      ###.......   26%         3    ###....
c - Sticks to Snakes      Tmut           ###.....     8%          2    #......
d - Ice Form              Ice/Tmut       ###.....     32%         4    ####...
e - Blade Hands           Tmut           ###.......   56%         5    ######.

Your spell library contained the following spells:

 Spells                   Type           Power        Failure   Level  Hunger
 Confuse                  Hex            #.......     61%         3    ###....
 Confusing Touch          Hex            #.....       32%         1    None
 Metabolic Englaciation   Hex/Ice        ##........   92%         5    ######.
 Petrify                  Tmut/Erth      ##......     61%         4    ####...
 Gell's Gravitas          Tloc           #.........   61%         3    ###....
 Yara's Violent Unravell  Hex/Tmut       ##........   89%         5    ######.


Dungeon Overview and Level Annotations

Branches:
Dungeon (7/15)             Temple (1/1) D:4

Altars:
Ashenzari
Cheibriados
Dithmenos
Elyvilon
Fedhas
Gozag
Hepliaklqana
Kikubaaqudgha
Makhleb
Nemelex Xobeh
Okawaru
Qazlal
Ru
Sif Muna
Trog
Uskayaw
Vehumet
Wu Jian
Xom
Yredelemnul
Zin
The Shining One

Shops:
D:6 }

Annotations:
D:2 1 runed door


Innate Abilities, Weirdness & Mutations

You are too large for most types of armour.
((You have tough skin. (AC +1)))
You cannot train Armour skill.


Message History

You turn into a venomous arachnid creature.
Your +1 cloak melds into your body.
Your +0 robe melds into your body.
You kill the human!
You completely miss the hog. The hog misses you.
You hit the hog but do no damage. The hog closely misses you.
The hog bites you.
* * * LOW HITPOINT WARNING * * *
Evoke which item? (* to show all) (? for menu, Esc to quit)
Aiming: Polymorph
Press: ? - help, Shift-Dir - straight line, f - hog
Aim: a hog (chance to defeat MR: 46%)
The hog evaporates and reforms as a queen bee!
The queen bee stings you!!
* * * LOW HITPOINT WARNING * * *
Evoke which item? (* to show all) (? for menu, Esc to quit)
Aiming: Polymorph
Press: ? - help, Shift-Dir - straight line, f/p - queen bee
Aim: a queen bee (chance to defeat MR: 46%)
The queen bee resists with some effort.
The queen bee stings you!
You die...

##.#.# #...# ##..#
## #.># ... ##)#
...###### ####.#
........# #.h..#
........#####y####
............s.#
........#######
........# #.#####
........# #.....#
#######.#
#.###.##### #.#
#..<#.....#
#.###########.#
#.............#
###############


You could see a queen bee and a hog.

Vanquished Creatures
  Sigmund (D:2)
  Eustachio (D:4)
  2 hogs (D:7)
  A human (D:7)
  Edmund (D:5)
  Menkaure (D:5)
  2 orc warriors (D:6)
  2 ogres (D:5)
  2 eyes of draining (D:3)
  A phantom (D:4)
  An ice beast (D:5)
  A centaur (D:5)
  Blork the orc (D:5)
  A bullfrog (D:6)
  2 scorpions
  2 crimson imps
  3 hounds
  4 orc priests
  A jelly (D:5)
  An iguana (D:4)
  Terence (D:3)
  3 orc wizards
  3 worker ants
  A hound zombie (D:6)
  A howler monkey zombie (D:6)
  3 gnolls (D:5)
  A howler monkey skeleton (D:5)
  6 adders
  2 oozes
  2 worms
  2 dart slugs
  A leopard gecko (D:5)
  20 orcs
  A ball python (D:2)
  9 giant cockroaches
  8 goblins
  7 hobgoblins
  6 jackals
  5 quokkas
  6 bats
  4 frilled lizards
  8 kobolds
  A leopard gecko zombie (D:5)
  A quokka skeleton (D:4)
  6 rats
139 creatures vanquished.

Notes
Turn   | Place    | Note
-------+----------+-------------------------------------------
     0 | D:1      | Lianjan the Ogre Transmuter began the quest for the Orb.
     0 | D:1      | Reached XP level 1. HP: 19/19 MP: 3/3
   137 | D:1      | Reached skill level 2 in Fighting
   531 | D:1      | Reached XP level 2. HP: 29/29 MP: 5/5
  1182 | D:2      | Reached skill level 3 in Fighting
  1575 | D:1      | Learned a level 2 spell: Sticks to Snakes
  1602 | D:2      | Reached XP level 3. HP: 37/37 MP: 6/6
  1607 | D:2      | Learned a level 3 spell: Spider Form
  1821 | D:2      | Noticed a scorpion
  1826 | D:2      | Killed a scorpion
  1826 | D:2      | Reached skill level 4 in Fighting
  1826 | D:2      | Reached skill level 1 in Poison Magic
  1826 | D:2      | Reached XP level 4. HP: 37/48 MP: 3/7
  1834 | D:2      | Found a runed door.
  2545 | D:2      | Noticed Sigmund
  2558 | D:2      | Killed Sigmund
  2558 | D:2      | Reached skill level 5 in Fighting
  2558 | D:2      | Reached XP level 5. HP: 32/59 MP: 5/8
  2558 | D:2      | Reached XP level 6. HP: 37/67 MP: 5/9
  2941 | D:3      | Reached skill level 6 in Fighting
  2952 | D:3      | Found a white marble altar of Elyvilon.
  2954 | D:3      | Found a shattered altar of Ashenzari.
  3168 | D:3      | Found a glowing golden altar of the Shining One.
  3374 | D:3      | Noticed Terence
  3380 | D:3      | Killed Terence
  3628 | D:3      | Found a bloodstained altar of Trog.
  3628 | D:3      | Noticed an eye of draining
  3630 | D:3      | Noticed an eye of draining
  3642 | D:3      | Killed an eye of draining
  3651 | D:3      | Killed an eye of draining
  3651 | D:3      | Reached skill level 7 in Fighting
  3651 | D:3      | Reached XP level 7. HP: 78/78 MP: 0/10
  3659 | D:3      | Learned a level 4 spell: Ice Form
  4132 | D:4      | Found a staircase to the Ecumenical Temple.
  4146 | Temple   | Entered the Ecumenical Temple
  4386 | D:4      | Noticed Eustachio
  4412 | D:4      | Killed Eustachio
  4412 | D:4      | Reached skill level 8 in Fighting
  4793 | D:4      | Reached XP level 8. HP: 56/89 MP: 12/13
  5081 | D:4      | Reached skill level 9 in Fighting
  5419 | D:5      | Entered Level 5 of the Dungeon
  5419 | D:5      | Noticed Blork the orc
  5431 | D:5      | Killed Blork the orc
  5474 | D:5      | Found a sacrificial altar of Ru.
  5555 | D:5      | Became a worshipper of Ru the Awakened
  5696 | D:5      | Learned a level 5 spell: Blade Hands
  5865 | D:5      | Reached skill level 1 in Ice Magic
  5905 | D:5      | Noticed Menkaure
  5906 | D:5      | Noticed Edmund
  5913 | D:5      | Killed Menkaure
  5913 | D:5      | Reached skill level 5 in Spellcasting
  5917 | D:5      | Killed Edmund
  6064 | D:5      | Reached XP level 9. HP: 60/100 MP: 16/16
  6161 | D:5      | Found an ancient bone altar of Kikubaaqudgha.
  7135 | D:6      | Gained mutation: You cannot train Armour skill. [Ru sacrifice]
  7135 | D:6      | Reached * piety under Ru
  7202 | D:6      | Reached skill level 5 in Transmutations
  7585 | D:6      | Found Kytzuguy's Gadget Shop.
  7659 | D:6      | Found a snail-covered altar of Cheibriados.
  8165 | D:6      | Found a shadowy altar of Dithmenos.
  8458 | D:7      | Reached skill level 5 in Ice Magic
  8472 | D:7      | Noticed a queen bee
  8472 | D:7      | a hog changed into a queen bee
  8474 | D:7      | Slain by a queen bee

Vault maps used:
D:1:      dpeg_arrival_boxes_within_box
D:2:      first_ration, uniq_sigmund, uniq_crazy_yiuf_cottage
D:3:      nicolae_overflow_hidden_temple, trog_eyes_of_draining, uniq_terence
D:4:      minmay_temple_entry_grid, uniq_eustachio
D:5:      old_standard_altar, nicolae_overflow_crystal_walls,
          serial_bayou_lagoon_a, uniq_blork_the_orc, uniq_menkaure, uniq_edmund
D:6:      lemuel_doored_altar, serial_shops, nicolae_shop_waterfront,
          kennysheep_slug_shrine
D:7:      grunt_livestock, hangedman_decor_slide_cut, minmay_misc_feat_chi
Temple:   regret_index_temple_generic_petals

Skill      XL: |  1  2  3  4  5  6  7  8  9 |
---------------+----------------------------+-----
Fighting       | 2 3 4 5 7 8 9 |  9.5
Unarmed Combat | 3 4 |  4.1
Transmutations | 2 4 5 |  5.8
Poison Magic   | 1 |  1.0
Dodging        | 2 3 |  3.1
Spellcasting   | 3 5 |  5.1
Ice Magic      | 3 5 |  5.2

Action                   |  1- 3 |  4- 6 |  7- 9 || total
-------------------------+-------+-------+-------++-------
Melee: Unarmed           |   119 |   142 |   313 ||   574
       Kick              |     3 |       |       ||     3
       Headbutt          |     1 |       |       ||     1
       Punch             |     1 |     1 |     1 ||     3
 Cast: Beastly Appendage |    11 |     1 |       ||    12
       Spider Form       |     2 |    20 |    30 ||    52
       Sticks to Snakes  |     1 |       |     1 ||     2
Invok: Sacrifice Durabil |       |       |     1 ||     1
Evoke: Wand              |       |       |     3 ||     3
  Use: Scroll            |       |       |    14 ||    14
       Potion            |       |       |     1 ||     1
 Stab: Distracted        |       |       |     1 ||     1
  Eat: Ration            |     1 |       |     3 ||     4
       Chunk             |       |     9 |    10 ||    19
Armor: Robe              |    31 |    19 |    23 ||    73
       Skin              |       |     2 |    24 ||    26
Dodge: Dodged            |    85 |    80 |   235 ||   400

Table legend:
 A = Spawn XP
 B = Non-spawn XP
 C = Spawn XP percentage of total XP
 D = Spawn monster count
 E = Non-spawn monster count
 F = Spawn count percentage of total count
 G = Total turns spent on level
                    A         B        C        D         E        F      G
               +---------+---------+-------+---------+---------+-------+---------
         Total |       0 |    3801 |   0.0 |       0 |     135 |   0.0 |  8474
               +---------+---------+-------+---------+---------+-------+---------
           D:1 |       0 |      23 |   0.0 |       0 |      15 |   0.0 |  1391
           D:2 |       0 |     347 |   0.0 |       0 |      26 |   0.0 |  1504
           D:3 |       0 |     359 |   0.0 |       0 |      28 |   0.0 |  1129
           D:4 |       0 |     616 |   0.0 |       0 |      15 |   0.0 |  1181
           D:5 |       0 |    1164 |   0.0 |       0 |      21 |   0.0 |  1513
           D:6 |       0 |     702 |   0.0 |       0 |      26 |   0.0 |  1428
           D:7 |       0 |     590 |   0.0 |       0 |       4 |   0.0 |   114
               +---------+---------+-------+---------+---------+-------+---------
